 Dungeon Crawl Stone Soup version 0.30.0-15-g856e2d3f33 (webtiles) character file.

Game seed: 14182375978665271484

371744 Jackthecabe the Tortoise (level 21, -8/301 HPs)
             Began as an Armataur Warper on May 19, 2023.
             Was a High Priest of Elyvilon.
             Mangled by an azure jelly (12 damage)
             ... created by the Royal Jelly
             ... on level 5 of the Pits of Slime.
             The game lasted 02:23:39 (66178 turns).

Jackthecabe the Tortoise (Armataur Warper)         Turns: 66178, Time: 02:23:39

Health: -8/301     AC: 22    Str: 25    XL:     21   Next: 71%
Magic:  23/33      EV:  1    Int: 16    God:    Elyvilon [*****.]
Gold:   154        SH: 18    Dex: 17    Spells: 23/23 levels left

rFire   + . .        a - +9 morningstar "Concordance" {heavy, rF+ rCorr}
rCold   + + .        w - +4 kite shield {reflect}
rNeg    . . .        h - melded +10 plate armour "Ureiwarch" {Will+ SInv}
rPois   +            q - melded +2 hat "Bojurphui" {+Inv rC+ Will++}
rElec   +            o - melded +2 cloak
rCorr   +            T - melded +1 pair of gloves "Zygougirch" {Will+}
SInv    +            (no barding)
Will    ++...        d - amulet of Secrets {rC+ Regen+}
Stlth   ++++         C - ring of Red Wine {rElec rC+ Will+ Dex+4 Stlth+}
HPRegen 0.00/turn    e - ring "Rimabieh" {EV+5 Dex+3 SInv Stlth+}
MPRegen 0.23/turn

%: reflection, roll
@: tree-form, corroded, inhibited regen, hasted, very quick
A: stationary, stasis, torment immunity, boosted hp, large, rugged brown scales
3, (deformed body), (armoured tail), roll, long tongue, awkward tongue, (stinger
1), deterioration 1, inhibited regeneration
}: 2/15 runes: decaying, serpentine
a: Renounce Religion, Purification, Heal Other, Heal Self, Divine Vigour


You were on level 5 of the Pits of Slime.
You worshipped Elyvilon.
Elyvilon was extremely pleased with you.
You were a tree.
You visited 8 branches of the dungeon, and saw 42 of its levels.
You visited 1 bazaar.
You also visited: Ossuary, Ice Cave and Volcano.

You collected 3970 gold pieces.
You spent 3816 gold pieces at shops.

Inventory:

Hand Weapons
 a - the +9 morningstar "Concordance" (weapon) {heavy, rF+ rCorr}
   (You acquired it on level 2 of the Snake Pit)

   rF:        It protects you from fire.
   rCorr:     It protects you from acid and corrosion.
 b - a +6 eveningstar of flaming
   (You took it off Donald on level 2 of the Lair of Beasts)
Missiles
 j - a throwing net {=f, !d}
 n - 10 curare-tipped darts
 N - 3 boomerangs
 R - a javelin
Armour
 h - the +10 plate armour "Ureiwarch" (melded) {Will+ SInv}
   (You found it on level 1 of the Vaults)

   SInv:      It lets you see invisible.
   Will:      It increases your willpower.
 o - a +2 cloak (melded)
   (You found it on level 2 of the Snake Pit)
 q - the +2 hat "Bojurphui" (melded) {+Inv rC+ Will++}
   (You acquired it in an ossuary)

   rC:        It protects you from cold.
   +Inv:      It lets you turn invisible.
   Will:      It greatly increases your willpower.
 w - a +4 kite shield of reflection (worn)
   (You took it off Donald on level 2 of the Lair of Beasts)
 T - the +1 pair of gloves "Zygougirch" (melded) {Will+}
   (You found it on level 3 of the Lair of Beasts)

   Will:      It increases your willpower.
Jewellery
 d - the amulet of Secrets (around neck) {rC+ Regen+}
   (You bought it in a shop in a bazaar)

   [amulet of regeneration]

   rC:        It protects you from cold.
   Regen:     It increases your rate of health regeneration.
 e - the ring "Rimabieh" (right branch) {EV+5 Dex+3 SInv Stlth+}
   (You bought it in a shop in a bazaar)

   [ring of evasion]

   EV:        It affects your evasion (+5).
   Dex:       It affects your dexterity (+3).
   SInv:      It lets you see invisible.
   Stlth:     It makes you more stealthy.
 y - an amulet of regeneration
   (You found it on level 4 of the Dungeon)
 C - the ring of Red Wine (left branch) {rElec rC+ Will+ Dex+4 Stlth+}
   (You found it on level 4 of the Snake Pit)

   [ring of protection from cold]

   Dex:       It affects your dexterity (+4).
   rC:        It protects you from cold.
   rElec:     It insulates you from electricity.
   Will:      It increases your willpower.
   Stlth:     It makes you more stealthy.
 F - a ring of protection from fire {rF+}
   (You found it on level 2 of the Lair of Beasts)
 U - a +4 ring of slaying
   (You found it on level 8 of the Dungeon)
Wands
 k - a wand of iceblast (29)
   (You found it on level 2 of the Lair of Beasts)
 B - a wand of light (26)
   (You found it on level 4 of the Dungeon)
 V - a wand of paralysis (57)
   (You took it off Pikel on level 8 of the Dungeon)
 W - a wand of polymorph (28)
   (You found it on level 8 of the Dungeon)
 X - a wand of mindburst (21)
   (You found it on level 9 of the Dungeon)
Scrolls
 c - 10 scrolls of blinking {!r!d}
 l - 21 scrolls of teleportation {!r!d, @r3}
 m - a scroll of torment {!r!r}
 p - 4 scrolls of fear
 u - 12 scrolls of poison {!r}
 z - 2 scrolls of magic mapping {!r}
 D - 6 scrolls of immolation {!r}
 H - a scroll of fog
 K - 3 scrolls of vulnerability {!r!r}
 Z - 3 scrolls of butterflies
Potions
 f - 4 potions of mutation {!q}
 g - 6 potions of might
 i - 11 potions of curing {@q1, !d}
 r - 6 potions of magic
 s - 6 potions of brilliance
 t - 4 potions of haste
 v - 10 potions of attraction {!q}
 I - 2 potions of cancellation
 L - 5 potions of resistance
 M - 7 potions of lignification {!q}
 O - 9 potions of flight
 S - a potion of ambrosia
 Y - a potion of invisibility
Miscellaneous
 x - a phial of floods
   (You found it on level 1 of the Snake Pit)
 G - a tin of tremorstones (2/2)
   (You found it on level 10 of the Dungeon)
 J - a phantom mirror
   (You found it on level 5 of the Lair of Beasts)


   Skills:
 - Level 16.0 Fighting
 - Level 16.0 Maces & Flails
 - Level 14.0 Polearms
 - Level 10.0 Throwing
 * Level 19.9 Armour
 - Level 1.3 Dodging
 - Level 15.0 Shields
 - Level 1.7 Spellcasting
 - Level 3.0 Translocations
 - Level 16.0 Invocations
 - Level 4.0 Evocations


You had 23 spell levels left.
You didn't know any spells.
Your spell library contained the following spells:

 Spells                   Type           Power      Damage    Failure   Level
 Apportation              Tloc           22%        N/A       9%          1
 Blink                    Tloc           22%        N/A       14%         2
 Lesser Beckoning         Tloc           22%        N/A       14%         2
 Gell's Gravitas          Tloc           11%        N/A       26%         3
 Teleport Other           Tloc           11%        N/A       26%         3
 Foxfire                  Conj/Fire      4%         2x1d4     30%         1
 Magic Dart               Conj           4%         1d3       30%         1
 Necrotise                Necr           4%         1d4       30%         1
 Slow                     Hex            4%         N/A       30%         1
 Summon Small Mammal      Summ           4%         N/A       30%         1
 Call Imp                 Summ           2%         N/A       43%         2
 Cigotuvi's Dreadful Rot  Necr/Pois/Air  2%         N/A       43%         2
 Poisonous Vapours        Pois/Air       2%         N/A       43%         2
 Scorch                   Fire           2%         2d5       43%         2
 Searing Ray              Conj           2%         2d4       43%         2
 Static Discharge         Conj/Air       2%         2-3/arc   43%         2
 Sublimation of Blood     Necr           1%         N/A       43%         2
 Portal Projectile        Hex/Tloc       12%        N/A       45%         3
 Vhi's Electric Charge    Tloc/Air       12%        N/A       45%         3
 Volatile Blastmotes      Fire/Tloc      12%        2d11      45%         3
 Manifold Assault         Tloc           11%        N/A       65%         4
 Confusing Touch          Hex            1%         N/A       67%         3
 Frozen Ramparts          Ice            2%         1d1       67%         3
 Hailstorm                Conj/Ice       1%         3d3       67%         3
 Ignite Poison            Fire/Tmut/Pois 1%         N/A       67%         3
 Inner Flame              Hex/Fire       1%         N/A       67%         3
 Mephitic Cloud           Conj/Pois/Air  1%         N/A       67%         3
 Swiftness                Air            1%         N/A       67%         3
 Tukima's Dance           Hex            1%         N/A       67%         3
 Vampiric Draining        Necr           1%         2d6       67%         3
 Iskenderun's Mystic Bla  Conj/Tloc      6%         2d4       86%         4
 Airstrike                Air            0%         2d(1-17)  97%         4
 Flame Wave               Conj/Fire      1%         2d4       97%         4
 Fulminant Prism          Conj/Hex       0%         3d5       97%         4
 Ice Form                 Ice/Tmut       1%         N/A       97%         4
 Petrify                  Tmut/Erth      1%         N/A       97%         4
 Sticky Flame             Conj/Fire      1%         2d3       97%         4
 Summon Lightning Spire   Summ/Air       1%         N/A       97%         4
 Alistair's Intoxication  Tmut/Pois      0%         N/A       100%        5
 Arcjolt                  Conj/Air       0%         1d10      100%        5
 Blade Hands              Tmut           0%         N/A       100%        5
 Borgnjor's Vile Clutch   Necr/Erth      0%         N/A       100%        5
 Fireball                 Conj/Fire      0%         3d3       100%        5
 Freezing Cloud           Conj/Ice/Air   0%         6-21      100%        5
 Irradiate                Conj/Tmut      0%         3d11      100%        5
 Iskenderun's Battlesphe  Conj           1%         2d6       100%        5
 Lee's Rapid Deconstruct  Erth           0%         3d4*      100%        5
 Yara's Violent Unravell  Hex/Tmut       0%         3d3       100%        5
 Iron Shot                Conj/Erth      0%         9d1       100%        6
 Plasma Beam              Fire/Air       0%         2x1d11    100%        6
 Simulacrum               Ice/Necr       0%         N/A       100%        6
 Starburst                Conj/Fire      0%         6d3       100%        6
 Enfeeble                 Hex            0%         N/A       100%        7
 Spellforged Servitor     Conj/Summ      0%         N/A       100%        7
 Storm Form               Tmut/Air       0%         N/A       100%        7
 Maxwell's Capacitive Co  Air            0%         ∞         100%        8


Dungeon Overview and Level Annotations

Branches:
Dungeon (15/15)            Temple (0/1) D:5            Lair (5/5) D:10
  Swamp (4/4) Lair:2        Snake (4/4) Lair:2        Slime (5/5) Lair:5
    Orc (2/2) D:9             Elf (3/3) Orc:2        Vaults (4/5) D:14
  Crypt (0/3) Vaults:2     Depths (0/4) D:15        Ossuary (visited)
  IceCv (visited)         Volcano (visited)

Altars:
Elyvilon
Kikubaaqudgha
Qazlal
Vehumet
Wu Jian
Zin
Jiyva

Shops:
D:4 [   D:6 *   D:9 *   D:13 !   Orc:2 [*[   Elf:1 (   Elf:2 [   Elf:3 *
Snake:2 !   Snake:3 [   Vaults:4 ?

Annotations:
D:3 1 transporter, greynaab's ghost, amateur AtEE
D:12 2 runed translucent doors, jtron's ghost, journeyman TeSu
Swamp:1 3 runed translucent doors, xzight's ghost, adept MiBe
Slime:5 Royal Jelly
Elf:2 3 runed translucent doors
Elf:3 1 exclusion
Vaults:2 36 runed doors


Innate Abilities, Weirdness & Mutations

You are a tree.
Your roots penetrate the ground, keeping you stationary.
You cannot be teleported.
You are immune to unholy pain and torment.
Your maximum health is greatly increased.
Your equipment is partially melded.
(You are completely covered in rugged brown scales. (AC +3, +7% HP))
((Armour fits poorly on your strangely shaped body.))
((You have a long armoured tail.))
You roll when moving toward enemies. (Rampage)
Your long tongue fully drains potion bottles. (2x potion effects)
Your tongue gives you trouble enunciating. (1.5x scroll delay)
((Your tail ends in a venomous barb.))
Your body sometimes deteriorates upon taking damage.
You do not regenerate when monsters are visible.


Message History

* * * LOW HITPOINT WARNING * * *
The azure jelly hits you.
* * * LOW HITPOINT WARNING * * *
The azure jelly hits you but does no damage.
You take 61 damage, and have 36/301 hp.
MASSIVE DAMAGE!!
Unknown command.
Unknown command.
You are healed.
You are engulfed in blazing flames.
You resist.
The quicksilver ooze is engulfed in blazing flames.
You kill the quicksilver ooze!
That felt strangely unrewarding.
The quicksilver ooze is engulfed in blazing flames.
The rockslime hits you but does no damage.
The acid blob hits you but does no damage.
The acid blob is engulfed in blazing flames.
Flame seeps out of the acid blob.
The acid blob spits acid at you. The splash of acid hits you. You resist.
* * * LOW HITPOINT WARNING * * *
The quicksilver ooze is engulfed in blazing flames.
You block the rockslime's attack.
The acid blob is engulfed in blazing flames.
Flame seeps out of the acid blob.
The acid blob hits you but does no damage.
The azure jelly hits you but does no damage.
You block the azure jelly's attack.
The azure jelly hits you but does no damage.
You block the azure jelly's attack.
You regained 26 hp, and now have 62/301 hp.
You now have 31/33 mp.
You are healed.
You are engulfed in blazing flames.
You resist.
The quicksilver ooze is engulfed in blazing flames.
You kill the quicksilver ooze!
That felt strangely unrewarding.
The quicksilver ooze is engulfed in blazing flames.
The rockslime is engulfed in blazing flames.
Flame seeps out of the rockslime.
You block the rockslime's attack. The acid blob hits you!
You are splashed with acid.
You resist.
* * * LOW HITPOINT WARNING * * *
The acid blob is engulfed in blazing flames.
Flame seeps out of the acid blob.
The rockslime hits you!!
* * * LOW HITPOINT WARNING * * *
The acid blob hits you!!
* * * LOW HITPOINT WARNING * * *
You are splashed with acid.
You resist.
* * * LOW HITPOINT WARNING * * *
You take 35 damage, and have 27/301 hp.
You now have 29/33 mp.
Unknown command.
You are healed.
You are engulfed in blazing flames.
You resist.
* * * LOW HITPOINT WARNING * * *
The quicksilver ooze is engulfed in blazing flames.
The azure jelly hits you but does no damage.
You block the azure jelly's attack.
The azure jelly hits you but does no damage. x2
You block the azure jelly's attack. x2
The azure jelly hits you but does no damage. x2
The rockslime is engulfed in blazing flames.
Flame seeps out of the rockslime.
The rockslime hits you but does no damage. x2
The acid blob hits you!
* * * LOW HITPOINT WARNING * * *
The acid corrodes you!
You are splashed with acid.
You resist.
* * * LOW HITPOINT WARNING * * *
The acid blob is engulfed in blazing flames.
Flame seeps out of the acid blob.
The rockslime hits you!!
* * * LOW HITPOINT WARNING * * *
You take 19 damage, and have 8/301 hp.
You now have 27/33 mp.
Okay, then.
You are healed.
You are engulfed in blazing flames.
You resist.
* * * LOW HITPOINT WARNING * * *
The acid blob spits acid at you. The splash of acid hits you! You resist.
* * * LOW HITPOINT WARNING * * *
The quicksilver ooze is engulfed in blazing flames.
The rockslime hits you!! Elyvilon protects you from harm!
The azure jelly hits you but does no damage.
You block the azure jelly's attack. x2; The azure jelly completely misses you.
The azure jelly hits you but does no damage.
You block the azure jelly's attack.
The azure jelly hits you but does no damage. x2
The rockslime is engulfed in blazing flames.
Flame seeps out of the rockslime.
The rockslime hits you!! Elyvilon protects you from harm!
The acid blob hits you but does no damage.
The acid blob is engulfed in blazing flames.
Flame seeps out of the acid blob.
The rockslime hits you.
* * * LOW HITPOINT WARNING * * *
You now have 25/33 mp.
You are healed.
You are engulfed in blazing flames.
You resist.
* * * LOW HITPOINT WARNING * * *
The quicksilver ooze is engulfed in blazing flames.
The rockslime hits you!!
* * * LOW HITPOINT WARNING * * *
You block the acid blob's attack.
The azure jelly hits you but does no damage. x3
You block the azure jelly's attack. The azure jelly hits you.
* * * LOW HITPOINT WARNING * * *
The azure jelly freezes you! You resist.
You die...

###..................
##(..................#
##.................##..
....................#
....................#
...................##
........JJJ.......##
........JJJJ...####
........JJ♣J.#.#
........☼JJJ.###
............##
............#
............#
.........### .......##
...###


You could see the Royal Jelly (inner flame), 4 acid blobs, 3 azure jellies, 4
rockslimes and a quicksilver ooze.

Vanquished Creatures
  Sojobo (Vaults:4)
  Boris (Vaults:3)
  Xtahua (Vaults:3)
  2 liches (Vaults:2)
  Mlioglotl (Swamp:2)
  Zenata (Vaults:4)
  2 quicksilver dragons (Snake:4)
  2 deep elf blademasters (Elf:3 Elf:2)
  Gastronok (Lair:2)
  10 acid blobs (Lair:5 Slime:1 Slime:2 Slime:3 Slime:4)
  2 tengu reavers (Vaults:3 Vaults:4)
  A sphinx (Vaults:2)
  Donald (Lair:2)
  2 thorn hunters (Lair:2 Swamp:4)
  9 azure jellies (Slime:1 Lair:5 Slime:2 Slime:5)
  5 deep elf sorcerers (Elf:1 Elf:3 Elf:2 Vaults:2)
  4 nagarajas (Snake:1 Snake:4)
  A fenstrider witch (Swamp:3)
  2 rockslimes (Slime:1 Slime:2)
  12 vault wardens (Vaults:1 Vaults:2 Vaults:4)
  Aizul (Snake:1)
  Louise (D:15)
  2 ghouls (Swamp:4 Vaults:2)
  9 deep elf elementalists (Elf:2 Elf:3)
  4 orc warlords (Orc:2 Vaults:1 Vaults:4)
  10 ironbound preservers (Vaults:1 Vaults:3 Vaults:4)
  A war gargoyle (Vaults:4)
  5 quicksilver oozes (Slime:2 Slime:3 Slime:4 Slime:5)
  4 eleionomae (Swamp:1 Swamp:2 Swamp:3)
  6 very ugly things (Vaults:1)
  5 ironbound thunderhulks (Vaults:1 Vaults:2 Vaults:4)
  5 deep elf demonologists (Elf:3 Elf:2)
  7 deep elf annihilators (Elf:2 Elf:3)
  4 dire elephants (Vaults:1)
  4 bunyips (Swamp:2 Swamp:3 Swamp:4)
  8 deep elf death magi (Elf:1 Elf:3 Elf:2 Vaults:2)
  A shambling mangrove (Swamp:3)
  3 ettins (D:15 Vaults:1 Vaults:2)
  5 deep elf high priests (Elf:2 Elf:3)
  3 great orbs of eyes (Vaults:1 Slime:2)
  A jiangshi (Vaults:2)
  Josephine (D:15)
  2 fire dragons (Lair:5 Volcano)
  8 yaktaur captains (Vaults:1 Vaults:2 Vaults:3 Vaults:4)
  6 salamander tyrants (Snake:4)
  2 catoblepae (Lair:3)
  A peacekeeper (Vaults:4)
  11 vault guards (Vaults:1 Vaults:3 Vaults:4)
  23 hydras (Lair:2 Lair:4 Lair:5 D:14 Swamp:2)
  Fannar (Lair:2)
  2 ghost crabs (Swamp:1 Swamp:3)
  16 centaur warriors (D:7 D:13 D:15 Vaults:2 Vaults:3)
  13 alligators (Lair:2 Swamp:2 Swamp:3 Swamp:4)
  3 boulder beetles (D:12 D:14 Vaults:1)
  14 dancing weapons (Elf:1 Elf:2 Elf:3)
  9 ironbound frosthearts (Vaults:1 Vaults:2 Vaults:3 Vaults:4)
  An ogre mage (D:14)
  12 anacondas (Snake:1 Snake:2 Snake:3 Snake:4)
  7 two-headed ogres (D:7 D:10 Volcano D:13 D:14)
  12 naga warriors (Snake:1 Snake:2 Snake:3 Snake:4)
  8 death yaks (Lair:4)
  A vampire mage (Vaults:2)
  A tengu warrior (D:15)
  An orc high priest (Orc:2)
  Urug (D:13)
  12 deep elf knights (Elf:1 Elf:2 Elf:3)
  A spriggan berserker (Swamp:4)
  2 shock serpents (Snake:2 Snake:4)
  Sonja (Lair:1)
  A shock serpent (shapeshifter) (Vaults:2)
  16 naga sharpshooters (Snake:1 Snake:2 Snake:3 Snake:4)
  A skyshark (Lair:5)
  Nergalle (D:10)
  A hell knight (Vaults:2)
  2 salamander mystics (Snake:2 Snake:3)
  15 skeletal warriors (D:11 D:10 D:14 D:15 Vaults:2)
  8 spriggan druids (Lair:2 Swamp:1 Swamp:2 Swamp:3 Swamp:4)
  11 swamp dragons (Swamp:1 Swamp:3 Swamp:4)
  A glowing orange brain (Slime:2)
  30 deep trolls (D:15 Vaults:1 Vaults:2 Vaults:3 Vaults:4)
  7 naga ritualists (Snake:1 Snake:2 Snake:3 Snake:4)
  Pikel (D:8)
  17 deep elf archers (D:14 Elf:1 Elf:2 Elf:3)
  7 bog bodies (IceCv Swamp:2 Swamp:4 Swamp:3)
  7 wizards (D:14 D:15 Vaults:1 Vaults:2 Vaults:3)
  4 orc knights (Vaults:4)
  5 harpies (Vaults:2)
  14 ironbound convokers (Vaults:1 Vaults:2 Vaults:3 Vaults:4)
  A phantasmal warrior (Vaults:2)
  30 deep elf zephyrmancers (D:14 Orc:2 Elf:1 Elf:2 Elf:3)
  9 mana vipers (Snake:1 Snake:2 Snake:3 Snake:4)
  31 deep elf pyromancers (D:12 D:14 Orc:2 Elf:1 Elf:2)
  3 lindwurms (Lair:5 Vaults:2)
  3 necromancers (IceCv D:15 Vaults:1)
  A tengu zombie (Vaults:1)
  An orc sorcerer (Orc:2)
  A manticore (D:11)
  26 ugly things (IceCv D:12 D:13 D:14 D:15)
  13 salamanders (Volcano Snake:1 Snake:2 Snake:3 Snake:4)
  3 cyclopes (D:8 D:12)
  2 will-o-the-wisps (Swamp:3)
  6 shining eyes (Lair:5 Slime:1 Slime:2 Slime:4)
  6 elephants (Lair:3 Lair:4 Lair:5)
  45 black mambas (Lair:2 Lair:5 Lair:4 Snake:1 Snake:2)
  7 guardian serpents (Snake:1 Snake:2 Snake:4)
  2 ice statues (IceCv)
  2 molten gargoyles (Lair:5)
  2 eyes of devastation (Slime:2)
  22 naga magi (Snake:1 Snake:2 Snake:3 Snake:4)
  10 vault sentinels (Vaults:1 Vaults:2 Vaults:3 Vaults:4)
  9 cane toads (Lair:1 Lair:2 Lair:3 Lair:4 Lair:5)
  An unseen horror (D:13)
  A yaktaur zombie (Vaults:1)
  3 rime drakes (Lair:1 Lair:4)
  5 kobold demonologists (D:9 D:11)
  21 komodo dragons (D:10 Lair:1 Lair:2 Lair:3 Lair:4)
  24 yaktaurs (D:14 D:15 Vaults:1 Vaults:2 Vaults:3)
  3 ice devils (IceCv)
  A tengu conjurer (D:15)
  4 anaconda simulacra (IceCv)
  2 efreet (D:13 D:15)
  3 trolls (D:9 D:10 Orc:1)
  A polar bear (Lair:4)
  A bloated husk (Swamp:4)
  10 tyrant leeches (Lair:2 Swamp:2 Swamp:3 Swamp:4)
  10 hornets (D:9 Lair:2 Swamp:2 Swamp:3 Swamp:4)
  22 blink frogs (Lair:4 Lair:5)
  A human simulacrum (Vaults:1)
  86 slime creatures (D:11 D:13 D:14 D:15 Vaults:1)
  An ettin skeleton (Vaults:1)
  5 air elementals (Elf:1 Elf:2 Elf:3)
  7 wraiths (D:9 D:12 D:15)
  7 spriggans (Lair:2 Swamp:2 Swamp:3 Swamp:4)
  A culicivora (shapeshifter) (D:15)
  A shadow (D:6)
  A water elemental (Elf:1)
  26 yaks (D:9 Lair:1 Lair:4 Lair:3 Lair:5)
  15 wyverns (D:8 D:9 D:10 Lair:1 Lair:2)
  5 golden eyes (Slime:5)
  4 dire elephant simulacra (IceCv)
  9 vampire mosquitoes (D:12 D:14 D:15)
  6 basilisks (Lair:1 Lair:4 Lair:5)
  4 steam dragons (D:9 Lair:5 Volcano)
  5 fire elementals (Elf:1 Elf:2 Elf:3)
  3 humans (Vaults:3)
  8 fire bats (Orc:2 Volcano)
  3 acid dragons (D:10 D:11 D:14)
  A harpy simulacrum (IceCv)
  A warg (Orc:1)
  37 nagas (Snake:1 Snake:2 Snake:3 Snake:4)
  18 swamp worms (Lair:2 Swamp:1 Swamp:2 Swamp:3 Swamp:4)
  20 water moccasins (D:6 D:7 D:10 Lair:1 Lair:2)
  A hydra simulacrum (IceCv)
  4 hell hounds (Lair:5)
  3 floating eyes (Slime:2 Slime:5)
  13 swamp drakes (Swamp:2 Swamp:3 Swamp:4)
  4 ice beasts (D:5 D:6 D:7)
  36 orc warriors (D:7 D:8 D:9 D:10 Orc:2)
  2 black bears (D:4 D:7)
  A meliai simulacrum (D:14)
  8 ogres (Orc:2 Volcano D:14)
  31 wolves (D:10 Lair:4 Lair:5)
  20 centaurs (D:5 D:9 D:10 D:11 D:13)
  2 lemures (D:8)
  3 phantoms (D:6)
  10 bullfrogs (D:6 D:7 D:8 D:9 Lair:1)
  8 kobold brigands (D:5 D:7 D:9 D:10 D:11)
  2 earth elementals (Orc:2 Elf:3)
  2 gnoll sergeants (D:9 D:13)
  17 scorpions (D:5 Ossuary D:6 D:7)
  2 necrophages (Swamp:4)
  5 wights (D:10)
  A killer bee (D:7)
  An elephant simulacrum (IceCv)
  A howler monkey (D:7)
  10 electric eels (D:7 D:10 Lair:4)
  A centaur zombie (D:6)
  5 lava snakes (Lair:5)
  4 bullfrog zombies (D:6)
  5 hounds (D:6 D:7 D:10)
  3 human zombies (Ossuary)
  18 orc priests (D:3 D:5 D:8 D:9 D:10)
  7 jellies (D:7 D:8 Lair:4)
  5 centaur skeletons (D:6 D:14)
  A gnoll bouda (D:8)
  2 sleepcaps (D:3 D:7)
  3 iguanas (D:4 D:6)
  26 orc wizards (D:5 D:8 D:9 D:10 D:11)
  5 scorpion zombies (Ossuary)
  A spriggan simulacrum (IceCv)
  3 polar bear simulacra (IceCv)
  A wolf simulacrum (IceCv)
  3 mummies (Ossuary)
  17 gnolls (D:1 D:2 D:8 D:9 D:13)
  7 adders (D:2 D:5 D:6)
  14 white imps (D:5 D:7 Lair:2)
  3 ufetubi (D:4 D:6 IceCv)
  A worm (D:5)
  3 dart slugs (D:1 D:2)
  88 orcs (D:2 D:3 D:4 D:5 D:7)
  9 ball pythons (D:1 D:2 D:3 D:4)
  3 endoplasms (D:2 D:3 D:4)
  3 giant cockroaches (D:1 D:3 D:4)
  A gnoll zombie (Ossuary)
  8 goblins (D:2 D:4)
  11 hobgoblins (D:1 D:2 D:4)
  4 jackals (D:4)
  15 kobolds (D:2 D:3 D:4 D:5 D:9)
  3 quokkas (D:1 D:2 D:4)
  3 bats (D:1)
  2 frilled lizards (D:1 D:2)
  2 goblin zombies (Ossuary)
  A hobgoblin zombie (Ossuary)
  3 kobold zombies (Ossuary)
  2 orc zombies (Ossuary)
  5 rats (D:1 D:2 D:3)
  A lurking horror (Slime:3)
1582 creatures vanquished.

Vanquished Creatures (others)
  2 shock serpents (Snake:1 Snake:2)
  A deep elf knight (Elf:3)
  A naga ritualist (Snake:3)
  A wizard (Vaults:3)
  A deep elf zephyrmancer (Elf:1)
  A black mamba (Snake:2)
  A yaktaur (Vaults:4)
  2 bloated husks (Swamp:2)
  A white imp (D:7)
  An orc (D:7)
  8 foxfires (Swamp:3)
  2 starspawn tentacles (Swamp:2)
22 creatures vanquished.

Grand Total: 1604 creatures vanquished

Notes
Turn   | Place    | Note
-------+----------+-------------------------------------------
     0 | D:1      | Jackthecabe the Armataur Warper began the quest for the
                  | Orb.
     0 | D:1      | Reached XP level 1. HP: 18/18 MP: 3/3
    84 | D:1      | Reached skill level 2 in Maces & Flails
   168 | D:1      | Reached XP level 2. HP: 24/25 MP: 4/4
   362 | D:1      | Reached skill level 3 in Maces & Flails
   616 | D:2      | HP: 10/25 [gnoll/+0 halberd (6)]
   751 | D:2      | Reached XP level 3. HP: 31/31 MP: 5/5
   816 | D:1      | HP: 14/31 [gnoll/+0 flail (4)]
   895 | D:2      | HP: 14/31 [gnoll/+0 spear (6)]
   895 | D:2      | HP: 6/31 [gnoll/+0 spear (8)]
  1191 | D:2      | HP: 12/31 [adder (4)]
  1196 | D:2      | HP: 6/31 [poisoned by an adder]
  1199 | D:2      | HP: 2/31 [poisoned by an adder]
  1200 | D:2      | Reached skill level 4 in Maces & Flails
  1200 | D:2      | Reached XP level 4. HP: 3/38 MP: 6/6
  1744 | D:2      | HP: 19/38 [gnoll/+0 halberd (4)]
  1745 | D:2      | HP: 3/38 [gnoll/+0 halberd (11)]
  1802 | D:2      | HP: 10/38 [gnoll/+0 halberd (8)]
  2062 | D:2      | HP: 19/38 [poisoned by a gnoll (curare-tipped dart)]
  2173 | D:2      | Reached XP level 5. HP: 40/43 MP: 7/7
  2347 | D:2      | Found a faded altar of an unknown god.
  2359 | D:2      | Prayed at the altar of an unknown god.
  2359 | D:2      | Became a worshipper of Elyvilon the Healer
  2359 | D:2      | Reached * piety under Elyvilon
  2418 | D:2      | Identified the +0 plate armour "Tazufiph" {Str+2 Int+2}
  2662 | D:3      | Reached skill level 5 in Maces & Flails
  2919 | D:3      | Reached ** piety under Elyvilon
  3027 | D:2      | HP: 20/43 [orc/+0 dagger (2)]
  3032 | D:2      | HP: 16/43 [poisoned by an orc priest]
  3302 | D:3      | HP: 14/43 [orc priest/divine providence (8)]
  3431 | D:3      | Reached skill level 1 in Throwing
  3637 | D:3      | Noticed greynaab's ghost (amateur AtEE)
  3638 | D:3      | Found a transporter.
  3639 | D:3      | Noticed an ogre
  3915 | D:4      | Noticed a black bear
  3922 | D:4      | Killed a black bear
  3923 | D:4      | Reached skill level 2 in Fighting
  3923 | D:4      | Reached skill level 1 in Polearms
  3923 | D:4      | Reached skill level 2 in Throwing
  3923 | D:4      | Reached XP level 6. HP: 44/51 MP: 8/8
  4461 | D:4      | Found a glowing silver altar of Zin.
  4574 | D:4      | Found Boheych's Antique Armour Boutique.
  4602 | D:5      | Entered Level 5 of the Dungeon
  4637 | D:5      | Reached *** piety under Elyvilon
  4886 | D:5      | Reached skill level 3 in Fighting
  4886 | D:5      | Reached skill level 2 in Polearms
  4886 | D:5      | Reached XP level 7. HP: 48/60 MP: 9/9
  4952 | D:5      | Reached skill level 3 in Throwing
  4953 | D:5      | HP: 24/60 [orc priest/divine providence (15)]
  5144 | D:5      | HP: 29/60 [ice beast (5)]
  5255 | D:5      | Found a staircase to the Ecumenical Temple.
  5347 | D:5      | HP: 29/60 [scorpion (6)]
  5352 | D:5      | HP: 15/62 [poisoned by a scorpion]
  5357 | D:5      | HP: 11/62 [poisoned by a scorpion]
  5441 | D:5      | HP: 31/62 [scorpion (5)]
  5446 | D:5      | HP: 20/62 [poisoned by a scorpion]
  5932 | D:5      | Identified the +4 leather armour of the Bull {Slay+3}
  6027 | D:6      | Found a sand-covered staircase.
  6032 | Ossuary  | Entered an ossuary
  6080 | Ossuary  | Reached skill level 4 in Fighting
  6080 | Ossuary  | Reached skill level 3 in Polearms
  6086 | Ossuary  | Reached skill level 4 in Throwing
  6092 | Ossuary  | Reached XP level 8. HP: 46/70 MP: 10/10
  6100 | Ossuary  | HP: 35/70 [human zombie (2)]
  6392 | Ossuary  | HP: 31/71 [mummy (6)]
  6562 | Ossuary  | Reached skill level 4 in Polearms
  6633 | Ossuary  | Reached skill level 5 in Fighting
  6812 | Ossuary  | HP: 37/74 [poisoned by a scorpion]
  6817 | Ossuary  | HP: 19/74 [poisoned by a scorpion]
  6818 | Ossuary  | Reached skill level 5 in Polearms
  6822 | Ossuary  | HP: 16/74 [poisoned by a scorpion]
  7087 | Ossuary  | Identified a scroll of acquirement
  7089 | Ossuary  | Acquired the +2 hat "Bojurphui" {+Inv rC+ Will++}
  7115 | D:6      | Reached skill level 6 in Fighting
  7156 | D:6      | Reached XP level 9. HP: 54/80 MP: 11/11
  7242 | D:6      | Reached skill level 6 in Polearms
  7333 | D:6      | Reached skill level 2 in Armour
  7442 | D:6      | Reached skill level 3 in Armour
  7638 | D:6      | Reached skill level 1 in Shields
  7647 | D:6      | Reached **** piety under Elyvilon
  7708 | D:6      | Reached skill level 2 in Shields
  7751 | D:6      | Found Pibbiwon's General Store.
  7775 | D:6      | Found a radiant altar of Vehumet.
  7977 | D:7      | Reached skill level 4 in Armour
  7999 | D:7      | Reached skill level 3 in Shields
  8164 | D:7      | Reached skill level 4 in Shields
  8175 | D:7      | Noticed a centaur warrior
  8177 | D:7      | HP: 36/83 [electric eel/bolt of electricity (11)]
  8187 | D:7      | HP: 19/83 [centaur warrior/arrow (3)]
  8193 | D:7      | HP: 37/83 [centaur warrior/arrow (1)]
  8198 | D:7      | HP: 26/83 [centaur warrior (4)]
  8202 | D:7      | Killed a centaur warrior
  8203 | D:7      | Reached skill level 7 in Fighting
  8203 | D:7      | Reached skill level 5 in Armour
  8203 | D:7      | Reached skill level 5 in Shields
  8379 | D:7      | Noticed a two-headed ogre
  8390 | D:7      | Killed a two-headed ogre
  8391 | D:7      | Reached skill level 6 in Shields
  8391 | D:7      | Reached XP level 10. HP: 85/92 MP: 12/12
  8402 | D:7      | HP: 38/92 [electric eel/bolt of electricity (12)]
  8661 | D:7      | HP: 44/92 [electric eel/bolt of electricity (10)]
  8663 | D:7      | HP: 12/92 [electric eel/bolt of electricity (12)]
  9128 | D:7      | Got Omeguyj's Almanac of Frore Weather
  9213 | D:7      | Reached skill level 6 in Armour
  9919 | D:7      | Found a stormy altar of Qazlal.
 10250 | D:8      | Reached skill level 7 in Shields
 10376 | D:8      | Noticed Pikel
 10421 | D:8      | Killed Pikel
 10422 | D:8      | Reached skill level 8 in Fighting
 10645 | D:8      | Reached skill level 7 in Armour
 10645 | D:8      | Reached skill level 8 in Shields
 10802 | D:8      | Noticed a cyclops
 10808 | D:8      | Killed a cyclops
 11269 | D:9      | HP: 45/94 [orc warrior/+0 war axe (9)]
 11431 | D:9      | Reached ***** piety under Elyvilon
 11639 | D:9      | Reached skill level 9 in Shields
 11639 | D:9      | Reached XP level 11. HP: 81/100 MP: 13/13
 11881 | D:9      | Found Ipihill's General Store.
 11890 | D:9      | Paralysed by a hornet for 3 turns
 11981 | D:9      | Bought a scroll of identify for 28 gold pieces
 12023 | D:9      | Reached skill level 8 in Armour
 12417 | D:9      | Found a staircase to the Orcish Mines.
 12499 | D:10     | Entered Level 10 of the Dungeon
 12502 | D:10     | Noticed Nergalle
 12512 | D:10     | Killed Nergalle
 12564 | D:10     | Noticed a two-headed ogre
 12572 | D:10     | Killed a two-headed ogre
 12573 | D:10     | Reached skill level 10 in Shields
 12631 | D:10     | Reached skill level 7 in Polearms
 12656 | D:10     | HP: 50/100 [poisoned by a kobold brigand (curare-tipped
                  | dart)]
 12842 | D:10     | Found a staircase to the Lair.
 12853 | D:10     | HP: 48/100 [wolf (6)]
 12859 | D:10     | HP: 36/100 [hound (5)]
 12867 | D:10     | HP: 35/100 [hound (2)]
 12873 | D:10     | HP: 35/100 [hound (2)]
 12881 | D:10     | HP: 33/100 [hound (5)]
 12896 | D:10     | HP: 29/100 [hound (5)]
 12903 | D:10     | HP: 43/100 [troll (8)]
 13462 | D:10     | Reached skill level 11 in Shields
 13935 | D:10     | Noticed a two-headed ogre
 13941 | D:10     | Killed a two-headed ogre
 14418 | D:11     | Reached skill level 12 in Shields
 14517 | D:11     | Noticed a skeletal warrior
 14517 | D:11     | Noticed a skeletal warrior
 14517 | D:11     | Noticed a skeletal warrior
 14530 | D:11     | HP: 49/100 [skeletal warrior/+0 war axe (7)]
 14533 | D:11     | HP: 18/100 [skeletal warrior/+0 war axe (10)]
 14539 | D:11     | HP: 1/100 [skeletal warrior/+0 war axe (24)]
 14546 | D:11     | HP: 43/100 [skeletal warrior/+0 war axe (11)]
 14551 | D:11     | Killed a skeletal warrior
 14566 | D:11     | HP: 44/100 [skeletal warrior/+0 war axe (11)]
 14573 | D:11     | HP: 36/100 [skeletal warrior/+0 halberd (8)]
 14585 | D:10     | Killed a skeletal warrior
 14586 | D:10     | Reached skill level 8 in Polearms
 14646 | D:11     | HP: 47/100 [skeletal warrior/+0 halberd (21)]
 14652 | D:11     | HP: 30/100 [skeletal warrior/+0 halberd (8)]
 14658 | D:11     | HP: 26/100 [skeletal warrior/+0 halberd (12)]
 14669 | D:11     | Killed a skeletal warrior
 14670 | D:11     | Reached XP level 12. HP: 92/108 MP: 14/14
 14739 | D:11     | Reached skill level 13 in Shields
 15570 | Lair:1   | Entered Level 1 of the Lair of Beasts
 15610 | D:10     | HP: 40/108 [komodo dragon (23)]
 15614 | D:10     | Elyvilon protects you from harm!
 15621 | D:10     | Reached skill level 14 in Shields
 15622 | D:10     | HP: 54/108 [komodo dragon (25)]
 15816 | Lair:1   | HP: 53/108 [water moccasin (5)]
 15821 | Lair:1   | HP: 52/108 [poisoned by a water moccasin]
 16167 | Lair:1   | Reached skill level 15 in Shields
 16180 | Lair:1   | Noticed Sonja
 16192 | Lair:1   | Killed Sonja
 16193 | Lair:1   | Reached skill level 1 in Invocations
 16360 | Lair:1   | Reached skill level 2 in Invocations
 16565 | Lair:2   | Noticed Fannar
 16583 | Lair:2   | HP: 52/108 [Fannar/staff of cold (4)]
 16586 | Lair:2   | HP: 23/108 [Fannar/staff of cold (8)]
 16588 | Lair:2   | Killed Fannar
 16589 | Lair:2   | Reached skill level 3 in Invocations
 16591 | Lair:2   | HP: 19/108 [poisoned by a cane toad]
 16726 | Lair:2   | Reached skill level 4 in Invocations
 16758 | Lair:2   | Found a frozen archway.
 16805 | IceCv    | Entered an ice cave
 16870 | IceCv    | Reached skill level 9 in Armour
 17101 | IceCv    | Reached skill level 5 in Invocations
 17244 | IceCv    | Reached XP level 13. HP: 84/114 MP: 17/17
 17395 | IceCv    | Identified the +2 leather armour "Bezeada" {rPois rC+ rN+}
 17447 | IceCv    | Reached skill level 6 in Invocations
 17602 | Lair:2   | Noticed Gastronok
 17634 | Lair:2   | HP: 53/114 [eight-headed hydra (6)]
 17636 | Lair:2   | HP: 24/114 [eight-headed hydra (5)]
 17641 | Lair:2   | HP: 50/114 [eight-headed hydra (1)]
 17709 | Lair:2   | Killed Gastronok
 17710 | Lair:2   | Reached skill level 10 in Armour
 17710 | Lair:2   | Reached skill level 7 in Invocations
 17765 | Lair:2   | Found a staircase to the Snake Pit.
 18521 | Lair:2   | Reached skill level 8 in Invocations
 18561 | Lair:2   | Found a staircase to the Swamp.
 18610 | Lair:3   | HP: 54/114 [komodo dragon (25)]
 18900 | Lair:3   | Identified the +1 pair of gloves "Zygougirch" {Will+}
 18991 | Lair:3   | Reached ****** piety under Elyvilon
 19494 | Lair:4   | Reached skill level 9 in Invocations
 19632 | Lair:3   | HP: 56/114 [yak (4)]
 19991 | Lair:4   | Reached skill level 10 in Invocations
 20242 | Lair:4   | Reached skill level 11 in Armour
 20336 | Lair:4   | HP: 56/114 [seven-headed hydra (7)]
 20338 | Lair:4   | HP: 26/114 [seven-headed hydra (8)]
 20737 | Lair:4   | Reached skill level 12 in Armour
 20800 | Lair:4   | Identified the +8 hand axe of the Enchanted Forest
                  | {protect, Will+}
 21335 | Lair:5   | Entered Level 5 of the Lair of Beasts
 21602 | Lair:5   | Found a staircase to the Slime Pits.
 21602 | Lair:5   | Found a viscous altar of Jiyva.
 22105 | Lair:5   | Reached XP level 14. HP: 109/123 MP: 21/21
 22294 | Lair:5   | Reached skill level 9 in Polearms
 22315 | Lair:5   | HP: 59/123 [elephant (4)]
 22320 | Lair:5   | HP: 60/123 [elephant (1)]
 23077 | Lair:4   | HP: 56/123 [wolf (9)]
 23088 | Lair:4   | HP: 41/123 [death yak (19)]
 23090 | Lair:4   | Reached skill level 10 in Polearms
 23312 | Lair:4   | HP: 75/153 [death yak (5)]
 23325 | Lair:4   | HP: 66/153 [death yak (2)]
 23336 | Lair:4   | HP: 66/153 [death yak (5)]
 23344 | Lair:4   | HP: 57/153 [death yak (12)]
 23533 | Lair:4   | HP: 54/123 [death yak (21)]
 23872 | Lair:5   | Reached skill level 11 in Polearms
 25012 | Lair:5   | Found a large runed translucent door.
 25013 | Lair:5   | Found a large runed translucent door.
 25471 | Orc:1    | Entered Level 1 of the Orcish Mines
 25572 | Orc:2    | Entered Level 2 of the Orcish Mines
 25574 | Orc:2    | Found a staircase to the Elven Halls.
 25755 | Orc:2    | Reached skill level 12 in Polearms
 25777 | Orc:2    | Found a dark tunnel.
 25807 | Volcano  | Entered a volcano
 25898 | Volcano  | HP: 58/123 [komodo dragon (20)]
 25903 | Volcano  | HP: 13/123 [komodo dragon (21)]
 26325 | Volcano  | HP: 57/123 [two-headed ogre/+0 giant club (9)]
 27453 | Orc:2    | Found Ganaishyno's General Store.
 27698 | Orc:2    | Reached skill level 13 in Polearms
 27698 | Orc:2    | Reached XP level 15. HP: 102/129 MP: 22/22
 27846 | Orc:2    | HP: 61/129 [orc warrior/+0 long sword[an orc warlord] (5)]
 27870 | Orc:2    | HP: 54/129 [orc warlord/+0 dire flail (15)]
 28059 | Orc:2    | Found Ypisaheo's Antique Weapon Boutique.
 28063 | Orc:2    | Found Xiop's Antique Armour Shop.
 28325 | Orc:2    | Found Bimuem's Armour Emporium.
 28609 | Orc:2    | Bought the +9 plate armour of Grace {rC+} for 984 gold
                  | pieces
 28962 | D:12     | Found a large runed translucent door.
 28963 | D:12     | Found a large runed translucent door.
 28976 | D:12     | Noticed jtron's ghost (journeyman TeSu)
 30318 | D:13     | Found Enic's Distillery.
 30327 | D:13     | Bought a potion of mutation for 128 gold pieces
 30359 | D:13     | Reached skill level 14 in Polearms
 30440 | D:13     | Noticed Urug
 30454 | D:13     | Killed Urug
 30592 | D:14     | HP: 61/130 [red ugly thing (7)]
 30597 | D:14     | HP: 56/131 [red ugly thing (7)]
 30620 | D:14     | HP: 38/131 [red ugly thing (7)]
 31140 | D:14     | HP: 65/131 [skeletal warrior/+0 glaive (1)]
 31146 | D:14     | HP: 55/131 [skeletal warrior/+0 glaive (10)]
 31154 | D:14     | HP: 52/131 [skeletal warrior/+0 glaive (5)]
 31159 | D:14     | Reached skill level 9 in Fighting
 31639 | D:14     | HP: 65/133 [something (7)]
 31649 | D:14     | HP: 58/133 [deep elf archer/+0 dagger of holy wrath (7)]
 31654 | D:14     | HP: 50/133 [something/bolt of magma (10)]
 31907 | D:14     | Reached skill level 10 in Fighting
 32020 | D:14     | Got the Essays on Weathered Incandescence
 32032 | D:14     | Found a gate to the Vaults.
 32475 | D:15     | Entered Level 15 of the Dungeon
 32539 | D:15     | HP: 57/120 [necromancer/bolt of negative energy (41)]
 32541 | D:15     | HP: 28/114 [necromancer/bolt of negative energy (30)]
 32782 | D:15     | Reached skill level 11 in Invocations
 32895 | D:15     | HP: 58/117 [yaktaur/bolt (1)]
 32900 | D:15     | HP: 54/117 [tengu warrior/+1 great sword of holy wrath (6)]
 33732 | D:15     | Reached skill level 12 in Invocations
 33856 | D:15     | HP: 64/134 [large slime creature (19)]
 34121 | D:15     | Found a staircase to the Depths.
 34146 | D:15     | Noticed Josephine
 34186 | D:15     | Killed Josephine
 34187 | D:15     | Reached XP level 16. HP: 80/130 MP: 25/25
 34421 | D:15     | Noticed Louise
 34450 | D:15     | Killed Louise
 35117 | D:9      | Bought a scroll of enchant weapon for 105 gold pieces
 35203 | Snake:1  | Entered Level 1 of the Snake Pit
 35300 | Snake:1  | HP: 60/138 [shock serpent/bolt of electricity (14)]
 35300 | Snake:1  | HP: 25/138 [shock serpent/bolt of electricity (19)]
 35534 | Snake:1  | Reached skill level 11 in Fighting
 35556 | Snake:1  | HP: 72/146 [poisoned by a nagaraja (bolt of poison)]
 35561 | Snake:1  | HP: 67/146 [poisoned by a nagaraja (bolt of poison)]
 36236 | Snake:1  | Noticed Aizul
 36256 | Snake:1  | Killed Aizul
 36256 | Snake:1  | HP: 65/147 [poisoned by Aizul (poison arrow)]
 36261 | Snake:1  | HP: 38/148 [poisoned by Aizul (poison arrow)]
 36266 | Snake:1  | HP: 30/148 [poisoned by Aizul (poison arrow)]
 36706 | Snake:1  | Reached skill level 12 in Fighting
 36981 | Snake:1  | HP: 74/148 [naga warrior/+0 mace (9)]
 36986 | Snake:1  | HP: 61/148 [poisoned by a guardian serpent (bolt of
                  | poison)]
 36992 | Snake:1  | HP: 52/149 [naga warrior/+0 mace (9)]
 37819 | Snake:2  | HP: 73/146 [naga ritualist/Olgreb's Toxic Radiance (5)]
 37824 | Snake:2  | HP: 52/146 [poisoned by a naga ritualist (toxic radiance)]
 37829 | Snake:2  | HP: 71/146 [constriction (4)]
 37839 | Snake:2  | HP: 73/147 [poisoned by a naga ritualist (toxic radiance)]
 37844 | Snake:2  | HP: 71/147 [poisoned by a naga ritualist (toxic radiance)]
 37849 | Snake:2  | HP: 64/148 [naga/splash of poison (7)]
 37855 | Snake:2  | HP: 46/149 [poisoned by a naga (splash of poison)]
 37909 | Snake:2  | Reached skill level 13 in Fighting
 38244 | Snake:2  | Acquired the +9 morningstar "Concordance" {heavy, rF+
                  | rCorr}
 38596 | Snake:2  | HP: 77/154 [poisoned by a naga ritualist (toxic radiance)]
 38601 | Snake:2  | HP: 71/154 [poisoned by a naga ritualist (toxic radiance)]
 38851 | Snake:2  | Reached skill level 1 in Evocations
 38861 | Snake:2  | HP: 76/154 [naga ritualist/Olgreb's Toxic Radiance (3)]
 38866 | Snake:2  | HP: 59/154 [poisoned by a naga ritualist (toxic radiance)]
 38871 | Snake:2  | HP: 61/154 [poisoned by a naga ritualist (toxic radiance)]
 38876 | Snake:2  | HP: 48/154 [poisoned by a naga ritualist (toxic radiance)]
 38881 | Snake:2  | HP: 45/154 [poisoned by a naga ritualist (toxic radiance)]
 39162 | Snake:2  | Reached skill level 6 in Maces & Flails
 39177 | Snake:2  | Reached skill level 2 in Evocations
 39336 | Snake:2  | Found Esioxuoc's Distillery.
 39458 | Snake:2  | HP: 74/154 [naga/+0 trident (17)]
 39964 | Snake:3  | HP: 77/154 [anaconda (8)]
 39969 | Snake:3  | HP: 52/154 [constriction (5)]
 39974 | Snake:3  | HP: 39/154 [constriction (5)]
 39980 | Snake:3  | HP: 31/154 [anaconda (1)]
 39995 | Snake:2  | Reached skill level 3 in Evocations
 40241 | Snake:3  | Reached skill level 7 in Maces & Flails
 40405 | Snake:3  | HP: 71/155 [black mamba[a naga ritualist] (7)]
 40410 | Snake:3  | HP: 62/155 [poisoned by a naga ritualist (toxic radiance)]
 40414 | Snake:3  | HP: 30/155 [poisoned by a naga ritualist (splash of
                  | poison)]
 40419 | Snake:3  | HP: 27/155 [poisoned by a naga ritualist (splash of
                  | poison)]
 40776 | Snake:3  | HP: 77/155 [poisoned by a naga mage (bolt of poison)]
 40968 | Snake:3  | Reached XP level 17. HP: 141/161 MP: 26/26
 41530 | Snake:3  | Found Onkiheek's Armour Boutique.
 41538 | Snake:3  | Bought the +8 chain mail "Yskac" {rElec rPois Dex+2} for
                  | 1003 gold pieces
 42099 | Snake:2  | Bought a potion of heal wounds for 80 gold pieces
 42099 | Snake:2  | Bought a potion of curing for 48 gold pieces
 42114 | Snake:4  | Entered Level 4 of the Snake Pit
 42208 | Snake:4  | Reached skill level 4 in Evocations
 42498 | Snake:4  | HP: 79/161 [poisoned by a naga mage (splash of poison)]
 42499 | Snake:4  | Reached skill level 8 in Maces & Flails
 42503 | Snake:4  | HP: 70/161 [poisoned by a naga mage (splash of poison)]
 42508 | Snake:4  | HP: 61/161 [poisoned by a naga mage (splash of poison)]
 42847 | Snake:4  | Reached skill level 14 in Fighting
 43006 | Snake:4  | Identified the ring of Red Wine {rElec rC+ Will+ Dex+4
                  | Stlth+}
 43497 | Snake:4  | Reached skill level 9 in Maces & Flails
 43644 | Snake:4  | Noticed a quicksilver dragon
 43659 | Snake:4  | Killed a quicksilver dragon
 43668 | Snake:4  | Noticed a quicksilver dragon
 43897 | Snake:4  | Found an ornate altar of the Wu Jian Council.
 44617 | Snake:4  | Reached skill level 10 in Maces & Flails
 44721 | Snake:4  | Killed a quicksilver dragon
 44752 | Snake:4  | HP: 81/164 [poisoned by a nagaraja (bolt of poison)]
 44757 | Snake:4  | HP: 38/164 [poisoned by a nagaraja (bolt of poison)]
 44761 | Snake:4  | Elyvilon protects you from harm!
 44763 | Snake:4  | HP: 37/164 [nagaraja/poison arrow (25)]
 44768 | Snake:3  | HP: 24/164 [poisoned by a nagaraja (poison arrow)]
 44773 | Snake:3  | HP: 21/164 [poisoned by a nagaraja (poison arrow)]
 45464 | Snake:4  | Got a serpentine rune of Zot
 45647 | Swamp:1  | Entered Level 1 of the Swamp
 45654 | Swamp:1  | Found a runed translucent gate.
 45655 | Swamp:1  | Found a runed translucent gate.
 45655 | Swamp:1  | Noticed xzight's ghost (adept MiBe)
 45658 | Swamp:1  | Noticed a tentacled monstrosity
 45660 | Swamp:1  | Found a runed translucent gate.
 45798 | Swamp:1  | Noticed Donald
 45819 | Lair:2   | Killed Donald
 45878 | Lair:2   | HP: 74/164 [alligator (18)]
 45879 | Lair:2   | HP: 34/164 [alligator (16)]
 45888 | Lair:2   | HP: 58/164 [thorn hunter/volley of thorns (16)]
 45988 | Swamp:1  | Reached skill level 11 in Maces & Flails
 46588 | Swamp:2  | HP: 76/164 [spriggan rider/+0 spear[a spriggan druid] (20)]
 46736 | Swamp:2  | Reached skill level 15 in Fighting
 47248 | Swamp:3  | HP: 78/166 [swamp worm (8)]
 47251 | Swamp:3  | HP: 29/166 [swamp worm/harpoon shot (17)]
 47264 | Swamp:3  | HP: 72/166 [tyrant leech (18)]
 47279 | Swamp:3  | Reached XP level 18. HP: 101/174 MP: 17/27
 47280 | Swamp:3  | HP: 84/174 [eight-headed hydra (12)]
 47283 | Swamp:3  | HP: 40/174 [eight-headed hydra (16)]
 47288 | Swamp:3  | HP: 43/174 [swamp worm[a spriggan druid] (5)]
 47293 | Swamp:3  | HP: 76/174 [swamp worm[a spriggan druid] (1)]
 47640 | Swamp:3  | Reached skill level 12 in Maces & Flails
 47715 | Swamp:3  | Noticed Mlioglotl
 47740 | Swamp:2  | Killed Mlioglotl
 48052 | Swamp:4  | Entered Level 4 of the Swamp
 48116 | Swamp:4  | HP: 83/174 [swamp worm (17)]
 48525 | Swamp:4  | HP: 82/174 [constriction (14)]
 48532 | Swamp:3  | HP: 86/174 [constriction (1)]
 48634 | Swamp:3  | HP: 87/174 [six-headed hydra (7)]
 48639 | Swamp:3  | HP: 46/174 [seven-headed hydra (7)]
 48642 | Swamp:3  | HP: 18/174 [seven-headed hydra (9)]
 48771 | Swamp:4  | Reached skill level 13 in Maces & Flails
 48877 | Swamp:4  | HP: 83/177 [swamp dragon (11)]
 48885 | Swamp:4  | HP: 86/177 [four-headed hydra (6)]
 49082 | Swamp:4  | Got a decaying rune of Zot
 49396 | Elf:1    | Entered Level 1 of the Elven Halls
 49667 | Elf:1    | Reached skill level 16 in Fighting
 49695 | Elf:1    | Reached skill level 14 in Maces & Flails
 49744 | Elf:1    | HP: 84/177 [something/shard of ice (17)]
 49750 | Elf:1    | HP: 82/177 [fire elemental[a deep elf pyromancer] (3)]
 49756 | Elf:1    | HP: 85/177 [fire elemental[a deep elf pyromancer] (2)]
 49774 | Elf:1    | HP: 83/177 [deep elf zephyrmancer/bolt of lightning (10)]
 49955 | Elf:1    | Found Jooj's Weapon Shoppe.
 50023 | Elf:1    | Found an ancient bone altar of Kikubaaqudgha.
 50064 | Elf:1    | HP: 81/177 [deep elf zephyrmancer/bolt of lightning (9)]
 50070 | Elf:1    | HP: 75/177 [deep elf zephyrmancer/bolt of lightning (9)]
 50071 | Elf:1    | HP: 36/177 [+5 scimitar of freezing (12)]
 50076 | Elf:1    | HP: 64/177 [deep elf zephyrmancer/bolt of lightning (7)]
 50078 | Elf:1    | HP: 16/177 [+5 scimitar of freezing (17)]
 50591 | Elf:2    | Identified the +1 sling "Lientypn" {heavy, rElec rN+ SInv}
 50710 | Elf:2    | Reached skill level 15 in Maces & Flails
 50722 | Elf:2    | Identified the +7 spear of Ashenzari's Regard {holy, rElec
                  | rC+ Dex-5 SInv}
 50822 | Elf:2    | Reached XP level 19. HP: 167/184 MP: 28/28
 50845 | Elf:2    | Found a radiant altar of Vehumet.
 50863 | Elf:2    | Found a runed translucent gate.
 50873 | Elf:2    | Found a runed translucent gate.
 50873 | Elf:2    | Found a runed translucent gate.
 50890 | Elf:2    | Paralysed by an air elemental for 1 turns
 51053 | Elf:2    | Found Wiyxt's Antique Armour Emporium.
 51238 | Elf:3    | Entered Level 3 of the Elven Halls
 51239 | Elf:3    | Paralysed by an air elemental for 1 turns
 51465 | Elf:3    | Identified the amulet of the Dropbear {Spirit Dex+3 SInv}
 51563 | Elf:3    | HP: 51/184 [deep elf annihilator/iron shot (47)]
 51887 | Elf:3    | HP: 83/184 [deep elf annihilator/crystal spear (53)]
 52299 | Elf:3    | Reached skill level 16 in Maces & Flails
 52378 | Elf:3    | Noticed a Tzitzimitl
 52382 | Elf:2    | HP: 59/183 [deep elf annihilator/crystal spear (54)]
 52387 | Elf:2    | HP: 49/184 [poisoned by a deep elf annihilator (poison
                  | arrow)]
 52392 | Elf:2    | HP: 68/184 [poisoned by a deep elf annihilator (poison
                  | arrow)]
 52397 | Elf:2    | HP: 67/184 [poisoned by a deep elf annihilator (poison
                  | arrow)]
 52683 | Elf:3    | Found Lirhauf's Assorted Antiques.
 52718 | Elf:3    | HP: 86/184 [something (11)]
 52726 | Elf:3    | HP: 70/184 [deep elf archer/arrow (6)]
 53034 | Elf:3    | Identified the ring "Laroo" {EV+5 Str+2}
 53037 | Elf:3    | HP: 92/184 [deep elf elementalist/+0 short sword (4)]
 53154 | Elf:3    | Identified the +1 scimitar "Acsopeim" {flame, Str+3}
 53201 | Elf:3    | Reached skill level 13 in Invocations
 53244 | Elf:3    | HP: 90/184 [earth elemental[a deep elf elementalist] (18)]
 53249 | Elf:3    | HP: 71/184 [poisoned by a deep elf annihilator (poison
                  | arrow)]
 53559 | Elf:3    | HP: 79/175 [deep elf blademaster/+0 rapier (14)]
 53570 | Elf:3    | HP: 68/176 [deep elf annihilator/bolt of lightning (5)]
 53580 | Elf:3    | HP: 71/176 [poisoned by a deep elf annihilator (poison
                  | arrow)]
 53585 | Elf:2    | HP: 70/176 [poisoned by a deep elf annihilator (poison
                  | arrow)]
 53794 | Elf:2    | HP: 83/179 [deep elf annihilator/poison arrow (26)]
 53799 | Elf:2    | HP: 78/179 [poisoned by a deep elf annihilator (poison
                  | arrow)]
 53804 | Elf:2    | HP: 80/179 [poisoned by a deep elf annihilator (poison
                  | arrow)]
 54518 | Elf:3    | Identified the +5 dagger "Beast's Undoing" {heavy, +Blink
                  | Fly Will- Dex+7}
 54518 | Elf:3    | Identified the +2 flail of Mandamus {heavy, rC+++}
 54518 | Elf:3    | Identified the ring "Ugadeov" {Fire SInv}
 54565 | Elf:3    | HP: 87/181 [deep elf blademaster/+0 short sword (9)]
 54571 | Elf:3    | HP: 77/181 [deep elf blademaster/+0 short sword (5)]
 54577 | Elf:3    | HP: 53/181 [deep elf blademaster/+0 short sword (1)]
 54585 | Elf:2    | HP: 43/181 [deep elf blademaster/+0 short sword (16)]
 54807 | Elf:3    | Reached skill level 14 in Invocations
 55020 | Elf:3    | Identified the +8 battleaxe of Yesterday {heavy, *Noise
                  | rElec rPois rCorr}
 55020 | Elf:3    | Identified the +0 robe of the Rose {+Blink Will+++ Str-2
                  | Stlth+}
 55030 | Elf:3    | Noticed a Brimstone Fiend
 55189 | Elf:3    | Noticed a Brimstone Fiend
 55354 | Elf:3    | Got the Guide on the Hyperbolic Plateau
 55362 | Elf:3    | Identified the staff of air "Qaisch" {rElec rC+}
 55370 | Elf:3    | Identified the staff of earth "Eron" {rPois}
 55386 | Elf:3    | Identified the +1 ring mail of the Arcane {Rampage rPois
                  | Will+}
 55782 | Vaults:1 | Entered Level 1 of the Vaults
 55847 | Vaults:1 | Identified the +10 plate armour "Ureiwarch" {Will+ SInv}
 55951 | Vaults:1 | Reached skill level 15 in Invocations
 56189 | Vaults:1 | HP: 87/184 [poisoned by a green very ugly thing]
 56200 | Vaults:1 | HP: 76/184 [white very ugly thing (10)]
 56205 | Vaults:1 | HP: 69/184 [poisoned by a green ugly thing]
 56210 | Vaults:1 | HP: 59/184 [poisoned by a green ugly thing]
 56215 | Vaults:1 | HP: 59/184 [poisoned by a green ugly thing]
 56222 | Vaults:1 | HP: 66/184 [green ugly thing (5)]
 56230 | Vaults:1 | HP: 62/184 [deep troll[an ironbound preserver] (9)]
 56235 | Vaults:1 | HP: 41/184 [deep troll[an ironbound preserver] (14)]
 56292 | Vaults:1 | HP: 82/184 [deep troll[an ironbound preserver] (11)]
 56298 | Vaults:1 | HP: 55/184 [deep troll[an ironbound preserver] (5)]
 56299 | Vaults:1 | HP: 22/184 [purple very ugly thing (19)]
 56306 | Vaults:1 | HP: 73/184 [purple very ugly thing (8)]
 56335 | Vaults:1 | HP: 86/184 [white very ugly thing (14)]
 56344 | Vaults:1 | HP: 67/184 [deep troll[an ironbound preserver] (18)]
 56349 | Vaults:1 | HP: 56/184 [ironbound frostheart/creeping frost (2)]
 56357 | Vaults:1 | HP: 63/184 [yaktaur captain/bolt (3)]
 56363 | Vaults:1 | HP: 67/184 [ironbound frostheart/creeping frost (5)]
 56374 | Vaults:1 | Reached skill level 16 in Invocations
 56382 | Vaults:1 | Reached XP level 20. HP: 64/192 MP: 28/32
 56745 | Vaults:1 | Reached skill level 5 in Throwing
 56833 | Vaults:1 | HP: 87/192 [dire elephant (19)]
 56843 | Vaults:1 | HP: 50/192 [dire elephant (23)]
 57010 | Vaults:1 | Reached skill level 6 in Throwing
 57357 | Vaults:1 | Reached skill level 7 in Throwing
 57693 | Vaults:2 | Found a crumbling gateway.
 57759 | Vaults:2 | Reached skill level 8 in Throwing
 57999 | Vaults:2 | Found a staircase to the Crypt.
 58180 | Vaults:2 | Reached skill level 9 in Throwing
 58291 | Vaults:2 | Found a huge runed gate.
 58291 | Vaults:2 | Found a huge runed gate.
 58291 | Vaults:2 | Found a huge runed gate.
 58291 | Vaults:2 | Found a huge runed gate.
 58291 | Vaults:2 | Found a huge runed gate.
 58299 | Vaults:2 | Found a huge runed gate.
 58389 | Vaults:2 | HP: 124/249 [ettin/+0 dire flail (3)]
 58394 | Vaults:2 | HP: 77/249 [hell knight/bolt of fire (9)]
 58406 | Vaults:1 | HP: 84/249 [slime creature (2)]
 58751 | Vaults:2 | Reached skill level 10 in Throwing
 58842 | Vaults:2 | Gained mutation: You are dopey. (Int -2) [a shining eye]
 59006 | Vaults:2 | Found a huge runed gate.
 59006 | Vaults:2 | Found a huge runed gate.
 59006 | Vaults:2 | Found a huge runed gate.
 59009 | Vaults:2 | Found a huge runed gate.
 59017 | Vaults:2 | Found a huge runed gate.
 59017 | Vaults:2 | Found a huge runed gate.
 59017 | Vaults:2 | Found a huge runed gate.
 59017 | Vaults:2 | Found a huge runed gate.
 59017 | Vaults:2 | Found a huge runed gate.
 59017 | Vaults:2 | Found a huge runed gate.
 59018 | Vaults:2 | Found a huge runed gate.
 59019 | Vaults:2 | Found a huge runed gate.
 59020 | Vaults:2 | Found a huge runed gate.
 59073 | Vaults:2 | Found a huge runed gate.
 59073 | Vaults:2 | Found a huge runed gate.
 59073 | Vaults:2 | Found a huge runed gate.
 59073 | Vaults:2 | Found a huge runed gate.
 59073 | Vaults:2 | Found a huge runed gate.
 59073 | Vaults:2 | Found a huge runed gate.
 59074 | Vaults:2 | Found a huge runed gate.
 59075 | Vaults:2 | Found a huge runed gate.
 59076 | Vaults:2 | Found a huge runed gate.
 59085 | Vaults:2 | Found a huge runed gate.
 59085 | Vaults:2 | Found a huge runed gate.
 59085 | Vaults:2 | Found a huge runed gate.
 59085 | Vaults:2 | Found a huge runed gate.
 59085 | Vaults:2 | Found a huge runed gate.
 59085 | Vaults:2 | Found a huge runed gate.
 59086 | Vaults:2 | Found a huge runed gate.
 59087 | Vaults:2 | Found a huge runed gate.
 59181 | Vaults:3 | Noticed Boris
 59201 | Vaults:3 | Killed Boris
 59234 | Vaults:3 | Found a flickering gateway to a bazaar.
 59234 | Vaults:3 | Noticed Xtahua
 59267 | Vaults:3 | Killed Xtahua
 59268 | Vaults:3 | Reached skill level 13 in Armour
 59301 | Bazaar   | Entered a bazaar
 59301 | Bazaar   | Found Ufuog's Distillery.
 59362 | Bazaar   | Found Oputhru Biti's Jewellery Emporium.
 59368 | Bazaar   | Found Zengocu's Jewellery Shoppe.
 59376 | Bazaar   | Found Jolog's Assorted Antiques.
 59398 | Bazaar   | Bought the amulet of Secrets {rC+ Regen+} for 308 gold
                  | pieces
 59415 | Bazaar   | Bought the ring "Rimabieh" {EV+5 Dex+3 SInv Stlth+} for 619
                  | gold pieces
 59750 | Vaults:3 | HP: 95/192 [deep troll[an ironbound preserver] (5)]
 59752 | Vaults:3 | HP: 39/192 [spore (22)]
 59752 | Vaults:3 | HP: 16/192 [spore (19)]
 59752 | Vaults:3 | HP: 1/192 [spore (15)]
 59753 | Vaults:3 | Reached skill level 14 in Armour
 59757 | Vaults:3 | HP: 81/192 [cloud of flame (1)]
 59762 | Vaults:3 | HP: 82/192 [poisoned by a green ugly thing]
 59791 | Vaults:3 | HP: 87/192 [deep troll[an ironbound preserver] (17)]
 59798 | Vaults:3 | HP: 57/192 [deep troll[an ironbound preserver] (10)]
 60718 | Vaults:4 | Reached skill level 15 in Armour
 60719 | Vaults:4 | HP: 88/192 [orc knight/+0 battleaxe (11)]
 60729 | Vaults:4 | HP: 81/192 [orc knight/+0 great sword (2)]
 60842 | Vaults:4 | Noticed Zenata
 60848 | Vaults:4 | HP: 84/192 [ironbound preserver/+2 mace of protection[a
                  | vault warden] (19)]
 60850 | Vaults:4 | HP: 40/192 [Zenata/a resonance strike (24)]
 60853 | Vaults:4 | HP: 15/192 [yaktaur/bolt[a vault warden] (10)]
 61131 | Vaults:4 | HP: 76/192 [Zenata/+3 bardiche of holy wrath (28)]
 61134 | Vaults:4 | HP: 20/192 [Zenata/+3 bardiche of holy wrath (59)]
 61146 | Vaults:4 | Killed Zenata
 61208 | Vaults:4 | Reached XP level 21. HP: 167/201 MP: 33/33
 61377 | Vaults:4 | Reached skill level 16 in Armour
 61390 | Vaults:4 | HP: 96/201 [tengu reaver/+2 glaive of venom[Sojobo] (5)]
 61395 | Vaults:4 | HP: 67/201 [poisoned by a tengu reaver]
 61400 | Vaults:3 | HP: 36/201 [poisoned by a tengu reaver]
 61405 | Vaults:3 | HP: 37/201 [poisoned by a tengu reaver]
 62025 | Vaults:4 | Noticed Sojobo
 62057 | Vaults:4 | Paralysed by an air elemental for 1 turns
 62058 | Vaults:4 | HP: 94/201 [Sojobo/+3 heavy great sword (15)]
 62060 | Vaults:4 | Killed Sojobo
 62061 | Vaults:4 | Reached skill level 17 in Armour
 62063 | Vaults:4 | HP: 66/198 [poisoned by a tengu reaver (bolt of poison)]
 62068 | Vaults:4 | HP: 65/198 [poisoned by a tengu reaver (bolt of poison)]
 62073 | Vaults:4 | HP: 58/199 [poisoned by a tengu reaver (bolt of poison)]
 62197 | Vaults:4 | Found Jemacoj's Magic Scroll Shoppe.
 62205 | Vaults:4 | Bought a scroll of magic mapping for 157 gold pieces
 62205 | Vaults:4 | Bought a scroll of blinking for 157 gold pieces
 62306 | Vaults:4 | HP: 98/199 [peacekeeper (6)]
 63590 | Vaults:4 | Bought a scroll of torment for 199 gold pieces
 63926 | Slime:1  | Entered Level 1 of the Pits of Slime
 63953 | Lair:5   | Gained mutation: You occasionally lose the ability to drink
                  | potions when taking damage. [a shining eye]
 63956 | Lair:5   | Gained mutation: You sometimes lose the ability to drink
                  | potions when taking damage. [a shining eye]
 64018 | Lair:5   | Lost mutation: You are dopey. (Int -2) [potion of mutation]
 64018 | Lair:5   | Lost mutation: You sometimes lose the ability to drink
                  | potions when taking damage. [potion of mutation]
 64018 | Lair:5   | Lost mutation: You occasionally lose the ability to drink
                  | potions when taking damage. [potion of mutation]
 64018 | Lair:5   | Gained mutation: You are occasionally teleported next to
                  | monsters. [potion of mutation]
 64018 | Lair:5   | Gained mutation: You are weak. (Str -2) [potion of
                  | mutation]
 64018 | Lair:5   | Gained mutation: Your flesh is cold resistant. (rC+)
                  | [potion of mutation]
 64018 | Lair:5   | Gained mutation: Your tail ends in a venomous barb. [potion
                  | of mutation]
 64018 | Lair:5   | Gained mutation: You sometimes lose your temper in combat.
                  | [potion of mutation]
 64018 | Lair:5   | Gained mutation: You have a pair of small antennae on your
                  | head. [potion of mutation]
 64019 | Lair:5   | Lost mutation: You have a pair of small antennae on your
                  | head. [potion of mutation]
 64019 | Lair:5   | Lost mutation: Your flesh is cold resistant. (rC+) [potion
                  | of mutation]
 64019 | Lair:5   | Lost mutation: You are occasionally teleported next to
                  | monsters. [potion of mutation]
 64019 | Lair:5   | Lost mutation: You are weak. (Str -2) [potion of mutation]
 64019 | Lair:5   | Lost mutation: You sometimes lose your temper in combat.
                  | [potion of mutation]
 64019 | Lair:5   | Lost mutation: Your tail ends in a venomous barb. [potion
                  | of mutation]
 64019 | Lair:5   | Gained mutation: Your body sometimes deteriorates upon
                  | taking damage. [potion of mutation]
 64019 | Lair:5   | Gained mutation: You are robust. (+10% HP) [potion of
                  | mutation]
 64019 | Lair:5   | Gained mutation: Your tail ends in a venomous barb. [potion
                  | of mutation]
 64275 | Slime:1  | Reached skill level 18 in Armour
 64424 | Slime:2  | Paralysed by a floating eye for 3 turns
 64442 | Slime:2  | Lost mutation: You are robust. (+10% HP) [a shining eye]
 64443 | Slime:2  | Paralysed by a floating eye for 3 turns
 64770 | Slime:2  | HP: 98/201 [slime creature (11)]
 64776 | Slime:2  | HP: 81/201 [slime creature (1)]
 64890 | Slime:4  | Gained mutation: You do not regenerate when monsters are
                  | visible. [a shining eye]
 64947 | Slime:3  | Reached skill level 19 in Armour
 64976 | Slime:3  | HP: 94/201 [lurking horror (91)]
 65136 | Slime:4  | HP: 83/201 [acid blob (23)]
 65142 | Slime:4  | HP: 69/201 [acid (2)]
 65364 | Slime:5  | Entered Level 5 of the Pits of Slime
 65407 | Slime:5  | HP: 98/201 [acid (5)]
 65638 | Slime:4  | HP: 99/201 [slime creature (13)]
 65922 | Slime:5  | Paralysed by a floating eye for 4 turns
 65938 | Slime:4  | HP: 93/201 [acid blob/splash of acid (17)]
 66159 | Slime:5  | Noticed the Royal Jelly
 66172 | Slime:5  | HP: 147/301 [acid[the Royal Jelly] (5)]
 66173 | Slime:5  | HP: 57/301 [rockslime[the Royal Jelly] (35)]
 66175 | Slime:5  | HP: 27/301 [acid[the Royal Jelly] (4)]
 66176 | Slime:5  | HP: 8/301 [rockslime[the Royal Jelly] (25)]
 66177 | Slime:5  | Elyvilon protects you from harm!
 66177 | Slime:5  | Elyvilon protects you from harm!
 66178 | Slime:5  | Mangled by an azure jelly

Illustrated notes

Levels and vault maps discovered:
D:1:      psy_arrival_whirlpool, layout_rooms, minmay_pentomino_v2
D:2:      layout_basic, dreamdust_ecumenical_altar_statues,
          minmay_misc_feat_ornament, minivault_26, kennysheep_generic_room_9
D:3:      layout_basic, gammafunk_ghost_smash
D:4:      layout_rooms, zin_scriptorium, serial_shops, kennysheep_little_box
D:5:      layout_loops_ring, minmay_temple_entry_from_below_a, minivault_25
D:6:      layout_loops_ring, mainiacjoe_overflow_alcove_2, serial_shops,
          nicolae_shop_hallway_stairs, serial_undead, serial_undead_c,
          serial_undead_e, serial_undead_d, serial_undead_a, enter_ossuary_2
D:7:      nzn_winding_woodlands_cross
          [nzn_winding_woodlands_5x15_river_crossing,
          nzn_winding_woodlands_5x15_sidewinder,
          nzn_winding_woodlands_5x15_zeroes,
          nzn_winding_woodlands_5x15_longhouse,
          nzn_winding_woodlands_15x15_eel_pit], layout_loops_corners,
          nicolae_qazlal_eye_of_the_storm, grunt_ministairs_8
D:8:      layout_basic, chequers_serial_rivers_small_b, uniq_pikel
D:9:      layout_loops_ring, hiddenorc1_lemuel, serial_shops, shop
D:10:     minmay_angry_zag, layout_cave_pods, erik_lair_island, uniq_nergalle
D:11:     layout_roguey, chequers_serial_rivers_micro_c, serial_bayou_lagoon_a
D:12:     statuecave_lemuel, layout_irregular_city, ebering_ghost_disaster_area
D:13:     layout_basic, serial_shops, shop, serial_rivers,
          chequers_serial_rivers_marsh, chequers_serial_rivers_small_3,
          chequers_serial_rivers_room_b, chequers_serial_rivers_micro_c,
          chequers_serial_rivers_small_b, chequers_serial_rivers_micro_e,
          uniq_urug
D:14:     layout_irregular_city, hangedman_vaults_entry_quadrant_bands
D:15:     hangedman_depths_entry_civil_slaughter, layout_irregular_city,
          minmay_misc_feat_roman, uniq_josephine, uniq_louise
Lair:1:   layout_gridlike, uniq_sonja
Lair:2:   layout_cave_pods, palyth_hydra_swamp_entry,
          guppyfry_snake_entry_garden, portal_ice_cave_entry_imps,
          grunt_megastairs_1, uniq_gastronok, uniq_fannar
Lair:3:   layout_loops_ring, minivault_23
Lair:4:   layout_regular_city, serial_bayou_pond_d, infiniplex_staircase_pool
Lair:5:   cheibrodos_lair_end_hotspot, layout_regular_city,
          nicolae_slime_entry_field_trip, grunt_forest_large_clearings
Swamp:1:  layout_basic_swamp, gammafunk_ghost_split, evilmike_swamp_ruin_wall,
          swamp_pool2, uniq_donald
Swamp:2:  layout_falls_marsh, evilmike_swamp_ruin_rubble_1, swamp_pool2
Swamp:3:  layout_basic_swamp, evilmike_swamp_ruin_house_5, uniq_mlioglotl
Swamp:4:  swamp_basic_johnstein, layout_basic_swamp
Snake:1:  layout_grid_maze, nicolae_snake_snakewalk, uniq_aizul
Snake:2:  layout_honeycomb, nicolae_take_the_stairs, grunt_megastairs_4
Snake:3:  layout_honeycomb, serial_shops, shop
Snake:4:  hellmonk_snake_rune_quicksilver_temple, layout_cave_town, basic_altar
Slime:1:  layout_caves
Slime:2:  layout_caves, nicolae_slime_getting_an_eyeful
Slime:3:  layout_caves, amcnicky_altar_lugonu_corruption
Slime:4:  layout_caves, nicolae_slime_barrier
Slime:5
Orc:1:    layout_caves
Orc:2:    grunt_orc_community_town_hall, layout_caves,
          grunt_orc_community_big_house_2, grunt_orc_community_big_house_2,
          grunt_orc_community_house_1, grunt_orc_community_house_1,
          grunt_orc_community_house_2, grunt_orc_community_house_3,
          grunt_orc_community_house_1, nicolae_volcano_entry_batcave
Elf:1:    minmay_elf_arrival_plus, layout_geoelf_grid, serial_shops, shop,
          basic_altar, minmay_elf_crystal_hexagon
Elf:2:    nicolae_elf_blades_crystal_corner, layout_geoelf_diagonals,
          serial_shops, shop, grunt_ministairs_9, david_defended_altar_elf
Elf:3:    minmay_elf_hall_curves, layout_rooms, serial_shops, shop,
          item_on_display_a
Vaults:1: vaults_standard_mumra_lines, nicolae_vaults_apartment_1,
          nicolae_vaults_closet_pinwheel_6, nicolae_vaults_stepped_doors,
          hangedman_vaults_stitches, nicolae_vaults_border_crossing,
          hangedman_vaults_stretched_pinwheel, nicolae_vaults_shrinking_rooms_2,
          grunt_vaults_bifocal, nicolae_vaults_prndl, nicolae_vaults_rhombus_5,
          nicolae_vaults_house_3, nicolae_vaults_trapezoid_lopsided_1,
          layout_vaults_maze
Vaults:2: portal_desolation_entry_garden, ontoclasm_vaults_idyll,
          vaults_room_pool, door_vault, nicolae_vaults_storage_closets_1,
          minmay_crypt_entry_simple_corners, v_rooms_6,
          vaults_dpeg_emergency_exit, nicolae_vaults_little_ls, v_misc_27,
          nicolae_vaults_six-pack, nicolae_vaults_tetromino_L_2,
          nicolae_vaults_little_squares_1, nicolae_vaults_variable_pillar_hall,
          v_pattern_5, nicolae_vaults_tetromino_T_1, vaults_room_corners,
          layout_vaults_ring
Vaults:3: nicolae_vaults_prndl, nicolae_vaults_puzzle_piece,
          nicolae_vaults_alarming, nicolae_vaults_trapezoid_lopsided_3,
          nicolae_vaults_what_the_h, ontoclasm_vaults_pinch,
          nicolae_vaults_tetromino_Z_1, nicolae_vaults_ring_of_whatevers,
          vaults_room_grunt_arrival_checkpoint, layout_vaults_chaotic_city,
          serial_shops, bzr_entry_customers, uniq_boris, uniq_xtahua
Vaults:4: v_misc_3, vaults_room_hallway, vaults_room_grid, v_alt_pattern_6,
          v_misc_12, ontoclasm_vaults_spin, ontoclasm_vaults_idyll,
          layout_vaults_quadrants, serial_shops, nicolae_shop_tiny_waterfront,
          uniq_sojobo, uniq_zenata

Skill      XL: |  1  2  3  4  5  6  7  8  9 10 11 12 13 14 15 16 17 18 19 20 21 |
---------------+----------------------------------------------------------------+-----
Maces & Flails | 2 3 4 5 7 11 15 16 | 16.0
Throwing       | 2 4 10 | 10.0
Fighting       | 2 3 4 6 7 8 10 13 15 16 | 16.0
Polearms       | 1 2 3 5 6 8 13 14 | 14.0
Armour         | 5 7 8 9 12 15 19 | 19.9
Shields        | 6 9 12 15 | 15.0
Invocations    | 5 10 12 16 | 16.0
Evocations     | 3 4 |  4.0
Dodging        | |  1.3
Spellcasting   | |  1.7
Translocations | |  3.0

Action                     |  1- 3 |  4- 6 |  7- 9 | 10-12 | 13-15 | 16-18 | 19-21 || total
---------------------------+-------+-------+-------+-------+-------+-------+-------++-------
  Melee: Mace              |    88 |    75 |       |       |       |       |       ||   163
         Tailslap          |     6 |    12 |    61 |   156 |   408 |   312 |   424 ||  1379
         Punch             |     1 |       |     4 |       |       |       |       ||     5
         Trident           |       |    77 |   333 |   982 |  2007 |  1331 |       ||  4730
         Eveningstar       |       |       |       |       |       |   599 |  1676 ||  2275
         Morningstar       |       |       |       |       |       |       |   116 ||   116
  Throw: Boomerang         |     3 |     6 |     4 |     4 |     1 |       |     4 ||    22
         Throwing net      |     1 |       |       |     2 |       |     1 |       ||     4
         Dart              |       |    10 |     3 |    41 |     3 |    16 |       ||    73
         Javelin           |       |       |       |       |       |     1 |    20 ||    21
 Invoke: Heal Self         |       |       |       |     2 |    10 |    29 |    22 ||    63
         Divine Vigour     |       |       |       |       |     2 |       |     1 ||     3
         Heal Other        |       |       |       |       |       |    11 |       ||    11
         Purification      |       |       |       |       |       |       |     1 ||     1
  Evoke: Wand              |       |       |     1 |     3 |     5 |     6 |       ||    15
         Phial of floods   |       |       |       |       |       |       |     1 ||     1
    Use: Scroll            |       |     4 |     7 |     5 |    12 |    11 |    17 ||    56
         Potion            |       |       |     1 |     5 |       |    10 |    23 ||    39
   Stab: Sleeping          |       |     1 |       |       |       |       |       ||     1
         Invisible         |       |       |       |     2 |     1 |     5 |     6 ||    14
         Distracted        |       |       |       |     1 |       |       |       ||     1
         Held in net/web   |       |       |       |     1 |       |       |       ||     1
         Paralysed         |       |       |       |       |       |     4 |       ||     4
 Armour: Leather armour    |    44 |    33 |    84 |   393 |   345 |       |       ||   899
         Plate armour      |       |    36 |   149 |       |   232 |   156 |   770 ||  1343
         Chain mail        |       |       |       |       |       |   643 |   216 ||   859
         Skin              |       |       |       |       |       |       |    38 ||    38
  Dodge: Dodged            |    43 |    56 |    80 |   212 |   238 |   241 |   353 ||  1223
  Block: Tower shield      |       |       |    56 |   804 |  1800 |   899 |       ||  3559
         Reflection        |       |       |       |       |    59 |   150 |    68 ||   277
         Kite shield       |       |       |       |       |       |   552 |  1277 ||  1829

Levels and vault maps discovered:
D:1:      psy_arrival_whirlpool, layout_rooms, minmay_pentomino_v2
D:2:      layout_basic, dreamdust_ecumenical_altar_statues,
          minmay_misc_feat_ornament, minivault_26, kennysheep_generic_room_9
D:3:      layout_basic, gammafunk_ghost_smash
D:4:      layout_rooms, zin_scriptorium, serial_shops, kennysheep_little_box
D:5:      layout_loops_ring, minmay_temple_entry_from_below_a, minivault_25
D:6:      layout_loops_ring, mainiacjoe_overflow_alcove_2, serial_shops,
          nicolae_shop_hallway_stairs, serial_undead, serial_undead_c,
          serial_undead_e, serial_undead_d, serial_undead_a, enter_ossuary_2
D:7:      nzn_winding_woodlands_cross
          [nzn_winding_woodlands_5x15_river_crossing,
          nzn_winding_woodlands_5x15_sidewinder,
          nzn_winding_woodlands_5x15_zeroes,
          nzn_winding_woodlands_5x15_longhouse,
          nzn_winding_woodlands_15x15_eel_pit], layout_loops_corners,
          nicolae_qazlal_eye_of_the_storm, grunt_ministairs_8
D:8:      layout_basic, chequers_serial_rivers_small_b, uniq_pikel
D:9:      layout_loops_ring, hiddenorc1_lemuel, serial_shops, shop
D:10:     minmay_angry_zag, layout_cave_pods, erik_lair_island, uniq_nergalle
D:11:     layout_roguey, chequers_serial_rivers_micro_c, serial_bayou_lagoon_a
D:12:     statuecave_lemuel, layout_irregular_city, ebering_ghost_disaster_area
D:13:     layout_basic, serial_shops, shop, serial_rivers,
          chequers_serial_rivers_marsh, chequers_serial_rivers_small_3,
          chequers_serial_rivers_room_b, chequers_serial_rivers_micro_c,
          chequers_serial_rivers_small_b, chequers_serial_rivers_micro_e,
          uniq_urug
D:14:     layout_irregular_city, hangedman_vaults_entry_quadrant_bands
D:15:     hangedman_depths_entry_civil_slaughter, layout_irregular_city,
          minmay_misc_feat_roman, uniq_josephine, uniq_louise
Lair:1:   layout_gridlike, uniq_sonja
Lair:2:   layout_cave_pods, palyth_hydra_swamp_entry,
          guppyfry_snake_entry_garden, portal_ice_cave_entry_imps,
          grunt_megastairs_1, uniq_gastronok, uniq_fannar
Lair:3:   layout_loops_ring, minivault_23
Lair:4:   layout_regular_city, serial_bayou_pond_d, infiniplex_staircase_pool
Lair:5:   cheibrodos_lair_end_hotspot, layout_regular_city,
          nicolae_slime_entry_field_trip, grunt_forest_large_clearings
Swamp:1:  layout_basic_swamp, gammafunk_ghost_split, evilmike_swamp_ruin_wall,
          swamp_pool2, uniq_donald
Swamp:2:  layout_falls_marsh, evilmike_swamp_ruin_rubble_1, swamp_pool2
Swamp:3:  layout_basic_swamp, evilmike_swamp_ruin_house_5, uniq_mlioglotl
Swamp:4:  swamp_basic_johnstein, layout_basic_swamp
Snake:1:  layout_grid_maze, nicolae_snake_snakewalk, uniq_aizul
Snake:2:  layout_honeycomb, nicolae_take_the_stairs, grunt_megastairs_4
Snake:3:  layout_honeycomb, serial_shops, shop
Snake:4:  hellmonk_snake_rune_quicksilver_temple, layout_cave_town, basic_altar
Slime:1:  layout_caves
Slime:2:  layout_caves, nicolae_slime_getting_an_eyeful
Slime:3:  layout_caves, amcnicky_altar_lugonu_corruption
Slime:4:  layout_caves, nicolae_slime_barrier
Slime:5
Orc:1:    layout_caves
Orc:2:    grunt_orc_community_town_hall, layout_caves,
          grunt_orc_community_big_house_2, grunt_orc_community_big_house_2,
          grunt_orc_community_house_1, grunt_orc_community_house_1,
          grunt_orc_community_house_2, grunt_orc_community_house_3,
          grunt_orc_community_house_1, nicolae_volcano_entry_batcave
Elf:1:    minmay_elf_arrival_plus, layout_geoelf_grid, serial_shops, shop,
          basic_altar, minmay_elf_crystal_hexagon
Elf:2:    nicolae_elf_blades_crystal_corner, layout_geoelf_diagonals,
          serial_shops, shop, grunt_ministairs_9, david_defended_altar_elf
Elf:3:    minmay_elf_hall_curves, layout_rooms, serial_shops, shop,
          item_on_display_a
Vaults:1: vaults_standard_mumra_lines, nicolae_vaults_apartment_1,
          nicolae_vaults_closet_pinwheel_6, nicolae_vaults_stepped_doors,
          hangedman_vaults_stitches, nicolae_vaults_border_crossing,
          hangedman_vaults_stretched_pinwheel, nicolae_vaults_shrinking_rooms_2,
          grunt_vaults_bifocal, nicolae_vaults_prndl, nicolae_vaults_rhombus_5,
          nicolae_vaults_house_3, nicolae_vaults_trapezoid_lopsided_1,
          layout_vaults_maze
Vaults:2: portal_desolation_entry_garden, ontoclasm_vaults_idyll,
          vaults_room_pool, door_vault, nicolae_vaults_storage_closets_1,
          minmay_crypt_entry_simple_corners, v_rooms_6,
          vaults_dpeg_emergency_exit, nicolae_vaults_little_ls, v_misc_27,
          nicolae_vaults_six-pack, nicolae_vaults_tetromino_L_2,
          nicolae_vaults_little_squares_1, nicolae_vaults_variable_pillar_hall,
          v_pattern_5, nicolae_vaults_tetromino_T_1, vaults_room_corners,
          layout_vaults_ring
Vaults:3: nicolae_vaults_prndl, nicolae_vaults_puzzle_piece,
          nicolae_vaults_alarming, nicolae_vaults_trapezoid_lopsided_3,
          nicolae_vaults_what_the_h, ontoclasm_vaults_pinch,
          nicolae_vaults_tetromino_Z_1, nicolae_vaults_ring_of_whatevers,
          vaults_room_grunt_arrival_checkpoint, layout_vaults_chaotic_city,
          serial_shops, bzr_entry_customers, uniq_boris, uniq_xtahua
Vaults:4: v_misc_3, vaults_room_hallway, vaults_room_grid, v_alt_pattern_6,
          v_misc_12, ontoclasm_vaults_spin, ontoclasm_vaults_idyll,
          layout_vaults_quadrants, serial_shops, nicolae_shop_tiny_waterfront,
          uniq_sojobo, uniq_zenata

Table legend: (Time is in decaauts)
 A = Elapsed time spent in this place.
 B = Non-inter-level travel time spent in this place.
 C = Inter-level travel time spent in this place.
 D = Time resting spent in this place.
 E = Time spent auto-exploring this place.
 F = Levels seen in this place.
 G = Mean time per level.
                   A        B        C        D        E       F      G
               +--------+--------+--------+--------+--------+-----+--------+
         Total |  65437 |  61469 |   3968 |  14644 |  33829 |  46 | 1422.5 |
       Dungeon |  21633 |  19862 |   1771 |   2604 |  13605 |  15 | 1442.2 |
          Lair |  10038 |   9195 |    843 |   2133 |   5063 |   5 | 2007.6 |
         Swamp |   3212 |   3027 |    185 |    366 |   1965 |   4 |  803.0 |
     Snake Pit |  10141 |   9819 |    322 |   3412 |   4871 |   4 | 2535.2 |
    Slime Pits |   1915 |   1915 |      0 |   1343 |     16 |   5 |  383.0 |
  Orcish Mines |   1959 |   1807 |    152 |    276 |    855 |   2 |  979.5 |
   Elven Halls |   6016 |   5849 |    167 |   2443 |   2134 |   3 | 2005.3 |
        Vaults |   7207 |   6682 |    525 |   1238 |   3951 |   4 | 1801.8 |
        Bazaar |    124 |    124 |      0 |      0 |     72 |   1 |  124.0 |
       Ossuary |   1101 |   1101 |      0 |      0 |    777 |   1 | 1101.0 |
      Ice Cave |    779 |    779 |      0 |    276 |    112 |   1 |  779.0 |
       Volcano |   1307 |   1307 |      0 |    552 |    407 |   1 | 1307.0 |
               +--------+--------+--------+--------+--------+-----+--------+

Top non-repeatable levels by time:
  Lair:4: 3055 daAuts
   Elf:2: 2830 daAuts
 Snake:2: 2824 daAuts
  Lair:5: 2732 daAuts
 Snake:3: 2728 daAuts
    D:14: 2588 daAuts
 Snake:1: 2354 daAuts
 Snake:4: 2233 daAuts
    D:10: 2227 daAuts
     D:2: 2152 daAuts
   Elf:3: 2127 daAuts
Vaults:4: 2095 daAuts
  Lair:2: 1978 daAuts
     D:7: 1972 daAuts
     D:9: 1913 daAuts

Table legend:
 A = Kills in this place as a percentage of kills in the entire game.
 B = Kills by you in this place as a percentage of kills by you in the entire game.
 C = Kills by friends in this place as a percentage of kills by friends in the entire game.
 D = Other kills in this place as a percentage of other kills in the entire game.
 E = Experience gained in this place as a percentage of experience gained in the entire game.
 F = Experience gained in this place divided by the number of levels of this place that you have seen.
                   A       B       C       D       E      F
               +-------+-------+-------+-------+-------+----------------------
         Total | 100.0 | 100.0 |   N/A | 100.0 | 100.0 | 14486.7
       Dungeon |  25.9 |  26.0 |   N/A |   0.0 |  11.3 | 5019.3
          Lair |  13.7 |  13.8 |   N/A |   0.0 |  10.2 | 13580.0
         Swamp |   7.7 |   7.7 |   N/A |  16.7 |  10.0 | 16673.5
     Snake Pit |  11.9 |  11.9 |   N/A |  16.7 |  15.4 | 25598.0
    Slime Pits |   5.2 |   5.2 |   N/A |   0.0 |   7.1 | 9398.2
  Orcish Mines |   6.8 |   6.8 |   N/A |   0.0 |   1.9 | 6203.0
   Elven Halls |   9.2 |   9.1 |   N/A |  33.3 |  15.4 | 34123.3
        Vaults |  14.4 |  14.3 |   N/A |  33.3 |  26.3 | 43811.0
       Ossuary |   2.0 |   2.0 |   N/A |   0.0 |   0.2 | 1293.0
      Ice Cave |   1.6 |   1.6 |   N/A |   0.0 |   1.0 | 6519.0
       Volcano |   1.7 |   1.7 |   N/A |   0.0 |   1.4 | 9291.0
               +-------+-------+-------+-------+-------+----------------------
